General information
- name: BNet
- type: Ladder team game (AT/RT)
- host: Battle.net
- saver: Flashbang_Omnix
map: Deathknell
- players: 8
- length: 21:59
- speed: Fast
- version: 1.26 W3XP
- replay type: Public
» download(142 KB)
Players
team 1 (winner)
XxLordDiabloxX (
yellow | 86 APM | 1893 actions | 21:59)
5 Tauren Chieftain
3 Endurance Aura
2 War Stomp
5 Shadow Hunter
3 Healing Wave
2 Hex
4 Pandaren Brewmaster
2 Breath of Fire
2 Drunken Haze
» actions
| Assign group hotkey | 29 | |
| Basic commands | 66 | |
| Build / train | 98 | |
| Enter build submenu | 19 | |
| Enter hero's abilities submenu | 16 | |
| Right click | 671 | |
| Select / deselect | 468 | |
| Select group hotkey | 440 | |
| Use ability | 86 | |
1893 total
» units
| Peon | 14 | |
| Troll Headhunter/Berserker | 8 | |
| Goblin Shredder | 1 | |
| Troll Batrider | 16 | |
| Shaman | 2 | |
| Troll Witch Doctor | 3 | |
44 total
» upgrades
| Shaman Training | 2 | |
| Witch Doctor Training | 2 | |
| Armor | 3 | |
| Liquid Fire | 1 | |
| Troll Regeneration | 1 | |
| Berserker Upgrade | 1 | |
| Ranged Weapons | 3 | |
| Spirit Walker Training | 2 | |
| Envenomed Spears | 1 | |
| Reinforced Defenses | 1 | |
| War Drums Damage Increase | 1 | |
18 total
» buildings
| Altar of Storms | 1 | |
| Orc Burrow | 7 | |
| Barracks | 1 | |
| War Mill | 1 | |
| Voodoo Lounge | 1 | |
| Stronghold | 3 | |
| Great Hall | 1 | |
| Fortress | 1 | |
| Spirit Lodge | 1 | |
| Beastiary | 2 | |
19 total
» build order
00:04 Altar of Storms
00:20 Orc Burrow
00:37 Barracks
01:33 War Mill
02:01 Orc Burrow
02:27 Voodoo Lounge
03:08 Stronghold
03:08 Stronghold
03:52 Orc Burrow
06:37 Great Hall
07:25 Fortress
07:29 Spirit Lodge
07:42 Orc Burrow
08:33 Beastiary
08:35 Orc Burrow
11:54 Beastiary
12:25 Orc Burrow
21:19 Orc Burrow
» items
| Healing Salve | 4 | |
| Scroll of Town Portal | 4 | |
| Orb of Lightning | 2 | |
| Scroll of Speed | 1 | |
11 total
EMILLION (
pink | 36 APM | 585 actions | 16:05)
3 Blademaster
1 Wind Walk
1 Mirror Image
1 Critical Strike
1 Shadow Hunter
1 Healing Wave
» actions
| Build / train | 58 | |
| Enter build submenu | 17 | |
| Enter hero's abilities submenu | 4 | |
| Right click | 255 | |
| Select / deselect | 195 | |
| Use ability | 56 | |
585 total
» units
| Peon | 9 | |
| Grunt | 7 | |
| Troll Headhunter/Berserker | 3 | |
| Demolisher | 3 | |
| Ice Troll Trapper | 2 | |
| Wind Rider | 8 | |
| Goblin Shredder | 1 | |
33 total
» upgrades
| Witch Doctor Training | 1 | |
| Ranged Weapons | 1 | |
| Armor | 1 | |
| Envenomed Spears | 1 | |
4 total
» buildings
| Altar of Storms | 1 | |
| Orc Burrow | 7 | |
| Barracks | 1 | |
| War Mill | 1 | |
| Stronghold | 3 | |
| Great Hall | 1 | |
| Beastiary | 1 | |
| Fortress | 3 | |
| Watch Tower | 1 | |
| Spirit Lodge | 1 | |
| Tauren Totem | 1 | |
21 total
» build order
00:06 Altar of Storms
00:08 Orc Burrow
00:12 Barracks
01:18 War Mill
01:50 Orc Burrow
03:19 Stronghold
03:20 Stronghold
05:26 Orc Burrow
05:28 Orc Burrow
05:55 Great Hall
06:02 Beastiary
06:47 Fortress
06:47 Fortress
07:12 Orc Burrow
08:30 Watch Tower
12:42 Spirit Lodge
12:44 Orc Burrow
14:36 Orc Burrow
14:39 Tauren Totem
clubfitusa (
purple | 46 APM | 1015 actions | 21:59)
8 Paladin
2 Holy Light
3 Divine Shield
1 Resurrection
2 Devotion Aura
2 Blademaster
2 Mirror Image
» actions
| Assign group hotkey | 20 | |
| Basic commands | 98 | |
| Build / train | 84 | |
| Enter build submenu | 28 | |
| Enter hero's abilities submenu | 12 | |
| Remove unit from queue | 2 | |
| Right click | 43 | |
| Select / deselect | 254 | |
| Select group hotkey | 403 | |
| Use ability | 71 | |
1015 total
» units
| Peasant | 12 | |
| Footman | 14 | |
| Goblin Shredder | 1 | |
| Ice Troll Trapper | 1 | |
| Ice Troll Berserker | 1 | |
| Mud Golem | 1 | |
| Gnoll Overseer | 1 | |
| Gryphon Rider | 19 | |
50 total
» upgrades
| Storm Hammers | 1 | |
| Swords | 3 | |
| Armor | 2 | |
6 total
» buildings
| Altar of Kings | 1 | |
| Farm | 11 | |
| Barracks | 1 | |
| Arcane Vault | 1 | |
| Keep | 1 | |
| Lumber Mill | 1 | |
| Town Hall | 1 | |
| Blacksmith | 2 | |
| Castle | 1 | |
| Gryphon Aviary | 4 | |
| Scout Tower | 4 | |
| Guard Tower | 4 | |
32 total
» build order
00:13 Altar of Kings
00:18 Farm
00:29 Barracks
00:58 Farm
01:33 Farm
02:18 Arcane Vault
03:20 Farm
04:59 Keep
05:58 Lumber Mill
06:10 Town Hall
06:21 Blacksmith
07:29 Castle
07:35 Gryphon Aviary
07:39 Gryphon Aviary
08:12 Gryphon Aviary
09:30 Gryphon Aviary
09:40 Scout Tower
09:43 Scout Tower
09:51 Farm
09:54 Farm
10:08 Guard Tower
10:11 Scout Tower
10:12 Guard Tower
10:30 Farm
10:38 Farm
10:43 Guard Tower
10:47 Scout Tower
10:59 Farm
11:12 Farm
11:23 Blacksmith
11:41 Guard Tower
11:47 Farm
» items
| Lesser Clarity Potion | 3 | |
| Scroll of Regeneration | 1 | |
| Potion of Healing | 2 | |
| Orb of Fire | 1 | |
| Potion of Mana | 1 | |
| Scroll of Town Portal | 1 | |
9 total

»
xuperlimit (
orange | 32 APM | 711 actions | 21:59)
3 Paladin
2 Holy Light
1 Devotion Aura
» actions
| Assign group hotkey | 94 | |
| Basic commands | 47 | |
| Build / train | 61 | |
| Enter build submenu | 19 | |
| Enter hero's abilities submenu | 3 | |
| Remove unit from queue | 1 | |
| Right click | 133 | |
| Select / deselect | 186 | |
| Select group hotkey | 136 | |
| Use ability | 31 | |
711 total
» units
| Peasant | 11 | |
| Footman | 9 | |
| Siege Engine | 23 | |
43 total
» upgrades
| Masonry | 2 | |
| Gunpowder | 3 | |
| Plating | 2 | |
| Lumber Harvesting | 2 | |
| Barrage | 1 | |
10 total
» buildings
| Altar of Kings | 1 | |
| Farm | 10 | |
| Barracks | 1 | |
| Lumber Mill | 1 | |
| Scout Tower | 1 | |
| Arcane Tower | 1 | |
| Keep | 1 | |
| Blacksmith | 1 | |
| Arcane Vault | 1 | |
| Castle | 1 | |
| Town Hall | 1 | |
| Workshop | 3 | |
23 total
» build order
00:09 Altar of Kings
00:14 Farm
00:51 Barracks
01:20 Farm
01:28 Lumber Mill
01:35 Scout Tower
02:05 Farm
02:18 Arcane Tower
02:48 Farm
03:15 Keep
03:37 Farm
03:58 Blacksmith
04:52 Arcane Vault
04:56 Farm
04:57 Farm
06:16 Castle
07:21 Farm
07:28 Town Hall
07:47 Workshop
08:06 Workshop
08:55 Workshop
15:57 Farm
15:59 Farm
team 2 (loser)

»
iMasswisps (
blue | 44 APM | 854 actions | 19:26)
3 Priestess of the Moon
2 Trueshot Aura
1 Searing Arrows
2 Keeper of the Grove
1 Entangling Roots
1 Thorns Aura
» actions
| Assign group hotkey | 14 | |
| Basic commands | 3 | |
| Build / train | 56 | |
| ESC pressed | 2 | |
| Enter build submenu | 25 | |
| Enter hero's abilities submenu | 5 | |
| Right click | 269 | |
| Select / deselect | 222 | |
| Select group hotkey | 203 | |
| Use ability | 55 | |
854 total
» units
| Wisp | 23 | |
| Hippogryph | 5 | |
| Druid of the Talon | 5 | |
| Chimaera | 8 | |
| Dryad | 3 | |
44 total
» upgrades
| Strength of the Wild | 2 | |
| Corrosive Breath | 1 | |
3 total
» buildings
| Altar of Elders | 1 | |
| Moon Well | 6 | |
| Tree of Ages | 1 | |
| Hunter's Hall | 1 | |
| Tree of Eternity | 1 | |
| Ancient of Wind | 1 | |
| Ancient Protector | 1 | |
| Chimaera Roost | 4 | |
| Tree of Life | 3 | |
| Ancient of Lore | 4 | |
23 total
» build order
00:09 Altar of Elders
00:43 Moon Well
02:49 Tree of Ages
02:58 Hunter's Hall
03:03 Moon Well
03:57 Moon Well
04:09 Moon Well
04:48 Moon Well
04:52 Moon Well
05:11 Tree of Eternity
05:14 Ancient of Wind
06:44 Ancient Protector
07:36 Chimaera Roost
07:39 Chimaera Roost
07:42 Chimaera Roost
07:48 Chimaera Roost
07:59 Tree of Life
14:54 Ancient of Lore
14:58 Ancient of Lore
15:03 Ancient of Lore
17:17 Tree of Life
17:19 Ancient of Lore
19:24 Tree of Life
Flashbang_Omnix (
teal | 58 APM | 1277 actions | 21:59)
3 Mountain King
2 Storm Bolt
1 Bash
» actions
| Basic commands | 27 | |
| Build / train | 51 | |
| ESC pressed | 11 | |
| Enter build submenu | 17 | |
| Enter hero's abilities submenu | 3 | |
| Give item / drop item | 2 | |
| Right click | 907 | |
| Select / deselect | 191 | |
| Use ability | 68 | |
1277 total
» units
| Peasant | 22 | |
| Footman | 8 | |
| Dragonhawk Rider | 5 | |
35 total
» upgrades
| Masonry | 3 | |
| Armor | 2 | |
| Lumber Harvesting | 2 | |
| Cloud | 1 | |
| Storm Hammers | 1 | |
| Animal War Training | 1 | |
10 total
» buildings
| Altar of Kings | 1 | |
| Barracks | 1 | |
| Farm | 11 | |
| Lumber Mill | 1 | |
| Keep | 1 | |
| Arcane Vault | 1 | |
| Blacksmith | 1 | |
| Gryphon Aviary | 4 | |
| Town Hall | 2 | |
| Castle | 1 | |
24 total
» build order
00:08 Altar of Kings
00:11 Barracks
00:13 Farm
00:15 Farm
02:41 Farm
02:43 Farm
03:15 Lumber Mill
04:21 Keep
05:07 Arcane Vault
05:14 Blacksmith
06:20 Farm
06:22 Farm
06:45 Gryphon Aviary
06:46 Gryphon Aviary
07:52 Town Hall
09:14 Town Hall
09:19 Gryphon Aviary
09:22 Gryphon Aviary
09:40 Farm
09:51 Castle
17:08 Farm
17:08 Farm
17:09 Farm
17:10 Farm
dubsac (
red | 30 APM | 591 actions | 19:45)
5 Mountain King
3 Storm Bolt
1 Bash
1 Thunder Clap
4 Paladin
2 Holy Light
1 Devotion Aura
1 Divine Shield
» actions
| Basic commands | 18 | |
| Build / train | 53 | |
| Enter build submenu | 20 | |
| Enter hero's abilities submenu | 9 | |
| Remove unit from queue | 1 | |
| Right click | 222 | |
| Select / deselect | 218 | |
| Use ability | 50 | |
591 total
» units
| Peasant | 10 | |
| Footman | 5 | |
| Dragonhawk Rider | 3 | |
| Gryphon Rider | 6 | |
| Knight | 5 | |
29 total
» upgrades
| Lumber Harvesting | 2 | |
| Swords | 3 | |
| Plating | 0 | |
| Armor | 2 | |
| Storm Hammers | 1 | |
| Animal War Training | 1 | |
9 total
» buildings
| Altar of Kings | 1 | |
| Farm | 10 | |
| Barracks | 1 | |
| Keep | 1 | |
| Lumber Mill | 1 | |
| Blacksmith | 1 | |
| Arcane Vault | 1 | |
| Gryphon Aviary | 2 | |
| Castle | 1 | |
| Town Hall | 1 | |
20 total
» build order
00:05 Altar of Kings
00:12 Farm
00:53 Barracks
01:29 Farm
02:18 Farm
02:43 Keep
03:10 Farm
03:48 Farm
04:02 Lumber Mill
04:49 Blacksmith
04:54 Arcane Vault
05:05 Farm
05:51 Gryphon Aviary
06:04 Gryphon Aviary
06:05 Castle
06:43 Farm
07:27 Farm
10:05 Farm
11:41 Farm
11:54 Town Hall
» items
mrdowork (
green | 64 APM | 1233 actions | 19:22)
4 Archmage
2 Summon Water Elemental
2 Brilliance Aura
1 Mountain King
1 Storm Bolt
» actions
| Basic commands | 8 | |
| Build / train | 45 | |
| Enter build submenu | 27 | |
| Enter hero's abilities submenu | 5 | |
| Remove unit from queue | 4 | |
| Right click | 738 | |
| Select / deselect | 361 | |
| Use ability | 45 | |
1233 total
» units
| Peasant | 7 | |
| Footman | 4 | |
| Rifleman | 5 | |
| Dragonhawk Rider | 3 | |
| Gryphon Rider | 6 | |
25 total
» upgrades
| Masonry | 1 | |
| Gunpowder | 1 | |
| Armor | 1 | |
| Storm Hammers | 1 | |
4 total
» buildings
| Altar of Kings | 1 | |
| Farm | 13 | |
| Barracks | 1 | |
| Lumber Mill | 1 | |
| Scout Tower | 2 | |
| Arcane Tower | 1 | |
| Blacksmith | 1 | |
| Arcane Vault | 1 | |
| Keep | 1 | |
| Arcane Sanctum | 1 | |
| Gryphon Aviary | 2 | |
| Castle | 1 | |
26 total
» build order
00:05 Altar of Kings
00:08 Farm
00:33 Barracks
00:47 Farm
01:13 Lumber Mill
02:08 Scout Tower
02:51 Arcane Tower
02:54 Blacksmith
03:37 Farm
04:37 Arcane Vault
04:39 Keep
04:45 Scout Tower
06:07 Farm
07:21 Farm
07:28 Arcane Sanctum
07:33 Gryphon Aviary
07:42 Gryphon Aviary
08:36 Farm
09:14 Farm
09:16 Farm
09:22 Farm
10:02 Castle
11:05 Farm
15:48 Farm
15:50 Farm
15:52 Farm
» items
Chat log
(00:14 / Allies) mrdowork: hi
(00:17 / Allies) mrdowork: units?
(00:25 / Allies) Flashbang_Omnix: what a strange loss that was
(00:30 / Allies) dubsac: foots to air
(00:35 / Allies) Flashbang_Omnix: the enemy team went mostly ranged units
(00:41 / Allies) Flashbang_Omnix: my allies too
(00:47 / Allies) Flashbang_Omnix: and I went air
(00:49 / Allies) Flashbang_Omnix: and lost
(00:58 / Allies) mrdowork: so what units
(01:00 / Allies) Flashbang_Omnix: and noone on my team went melee
(01:27 / Allies) Flashbang_Omnix: im not gonna tell ya what units im getting
(01:29 / Allies) Flashbang_Omnix: no sir sorry
(01:38 / Allies) mrdowork: y?
(01:44 / Allies) Flashbang_Omnix: other the team's gonna get carried away being casual
(01:48 / Allies) Flashbang_Omnix: thats y
(01:54 / Allies) Flashbang_Omnix: rest assured
(02:03 / Allies) Flashbang_Omnix: it will be a security unit
(02:12 / Allies) Flashbang_Omnix: so rest assured about it
(02:44 / Allies) mrdowork: red
(02:46 / Allies) mrdowork: creep with me
(03:01 / Allies) Flashbang_Omnix: anyone getting aa?
(03:08 / Allies) iMasswisps: ill prolyl go hippos
(03:09 / Allies) iMasswisps: 2
(03:21 / Allies) iMasswisps: atleast like 5
(03:49 / Allies) mrdowork: l
(03:51 / Allies) mrdowork: k
(04:01 / Allies) iMasswisps: teal come real quick
(04:06 / Allies) iMasswisps: lets knock one of these out
(04:14 / Allies) Flashbang_Omnix: if i feel safe enough first
(04:20 / Allies) iMasswisps: ur fine now
(04:30 / Allies) Flashbang_Omnix: dont want a bm to attack town
(04:42 / Allies) iMasswisps: lol.. if he does we screwed ne wya
(05:14 / Allies) mrdowork: i go rifels
(05:48 / Allies) mrdowork: 1 sec
(05:51 / Allies) iMasswisps: this damn rock golem doesnt like me
(06:05 / Allies) iMasswisps: heal
(06:08 / Allies) Flashbang_Omnix: k
(06:17 / Allies) iMasswisps: hit those tho
(06:19 / Allies) iMasswisps: its easier
(06:22 / Allies) iMasswisps: till u get a few units
(07:36 / Allies) mrdowork: ill get air
(07:48 / Allies) dubsac: im getting air as well
(07:55 / Allies) iMasswisps: im gettin chims n aa
(08:19 / Allies) iMasswisps: all that air is not necesary unlessu wanna damn harras
(09:25 / Allies) iMasswisps: n chims otw
(09:29 / Allies) Flashbang_Omnix: wood please
(09:51 / Allies) Flashbang_Omnix: ty
(10:17 / Allies) Flashbang_Omnix: we need a
(10:25 / Allies) Flashbang_Omnix: blue you hack
(10:31 / Allies) iMasswisps: lol
(10:33 / Allies) iMasswisps: i saw him
(11:02 / All) iMasswisps: hi bats
(11:20 / All) iMasswisps: not a very good base there yellow
(11:43 / All) XxLordDiabloxX: I don't need a good base build when you have -12 micro
(11:44 / Allies) iMasswisps: hit yellow guys come
(12:22 / Allies) iMasswisps: meet please
(12:27 / Allies) Flashbang_Omnix: blue
(12:31 / Allies) Flashbang_Omnix: what do they all have?
(12:32 / Allies) iMasswisps: ?
(12:39 / Allies) iMasswisps: idk
(12:42 / Allies) Flashbang_Omnix: you hack
(12:43 / Allies) Flashbang_Omnix: man
(12:46 / Allies) Flashbang_Omnix: you do know
(12:47 / Allies) iMasswisps: lol no i dont
(12:48 / Allies) iMasswisps: i suck
(12:52 / Allies) Flashbang_Omnix: you fuckin lier
(12:54 / Allies) iMasswisps: lol..
(13:02 / Allies) iMasswisps: i saew yellow on the minimap when u past him
(13:09 / Allies) Flashbang_Omnix: you pinged on the map
(13:13 / Allies) Flashbang_Omnix: before i even saw him
(13:23 / Allies) Flashbang_Omnix: before seeing yellow
(13:23 / Allies) iMasswisps: casue i saw him then he went to the ur epxo..
(13:31 / Allies) Flashbang_Omnix: well I did NOT
(13:32 / Allies) iMasswisps: look
(13:32 / Allies) Flashbang_Omnix: dude
(13:36 / Allies) Flashbang_Omnix: that proves you hacl
(13:39 / Allies) iMasswisps: lol
(13:42 / Allies) iMasswisps: u can fuckin see them
(13:44 / Allies) iMasswisps: attack wtf
(13:51 / Allies) iMasswisps: fuckin idiot runs
(14:01 / Allies) Flashbang_Omnix: im not gonna attack that
(14:04 / Allies) Flashbang_Omnix: disadvantage
(14:26 / Allies) mrdowork: SHIT THAY GOT TANKS
(16:42 / All) iMasswisps: come help u idiots
(19:38 / All) Flashbang_Omnix: purple did made air
(19:40 / All) xuperlimit: map hack fail
(19:45 / All) Flashbang_Omnix: but the tanks were just too strong
(19:51 / All) Flashbang_Omnix: bljue
(19:53 / All) Flashbang_Omnix: you guys
(19:57 / All) Flashbang_Omnix: blue DID hacked
(20:07 / All) Flashbang_Omnix: you know why?
(20:14 / All) Flashbang_Omnix: he pinged at my first expo
(20:16 / All) XxLordDiabloxX: He feared me I guess.
(20:26 / All) Flashbang_Omnix: just before yellow attacked my expo
(20:31 / All) Flashbang_Omnix: but here's the proof
(20:41 / All) Flashbang_Omnix: he pinged at yellows army location
(20:47 / All) Flashbang_Omnix: before I even saw the units
(20:49 / All) xuperlimit: lol
(20:55 / All) Flashbang_Omnix: then he lied saying he don't hack
(21:02 / All) Flashbang_Omnix: I KNOW he did
(21:18 / All) Flashbang_Omnix: anyways before of this
(21:20 / All) xuperlimit: so obvios blue hacked
(21:26 / All) Flashbang_Omnix: you guys deserve to win this either way
(21:33 / All) xuperlimit: ty
(21:36 / All) Flashbang_Omnix: even if I didnt lose
(21:47 / All) Flashbang_Omnix: because this was UNFAIR of a game
(21:57 / All) Flashbang_Omnix: PERIOD!